 Dungeon Crawl Stone Soup version 0.27.1-33-g824d729ab1 (webtiles) character file.

Game seed: 9302187740817818241

76 zeram the Chopper (level 4, -2/40 HPs)
             Began as a Hill Orc Fighter on Dec 13, 2021.
             Slain by Grinder (8 damage)
             ... while paralysed by Grinder
             ... on level 4 of the Dungeon.
             The game lasted 00:03:40 (2301 turns).

zeram the Chopper (Hill Orc Fighter)                Turns: 2301, Time: 00:03:41

Health: -2/40      AC:  7    Str: 19    XL:     4   Next: 32%
Magic:  4/4        EV:  2    Int:  8    God:
Gold:   199        SH:  0    Dex: 10    Spells: 3/3 levels left

rFire    . . .     SeeInvis .   a - +0 war axe
rCold    . . .     Faith    .   c - +1 kite shield
rNeg     . . .     Spirit   .   b - +0 scale mail
rPois    .         Reflect  .   (no helmet)
rElec    .         Harm     .   (no cloak)
rCorr    .         Rampage  .   (no gloves)
Will     .....                  (no boots)
Stlth    ..........             (no amulet)
HPRegen  0.13/turn              (no ring)
MPRegen  0.09/turn              (no ring)

@: paralysed
A: no striking features
a: no special abilities


You were on level 4 of the Dungeon.
You visited 1 branch of the dungeon, and saw 4 of its levels.

You collected 199 gold pieces.

Inventory:

Hand Weapons
 a - a +0 war axe (weapon)
Armour
 b - a +0 scale mail (worn)
 c - a +1 kite shield (worn)
Potions
 d - a potion of might
 e - a potion of flight
 h - a potion of berserk rage {unknown}
 i - a potion of lignification {unknown}
 k - a potion of ambrosia {unknown}
 l - a potion of mutation
 m - a potion of invisibility {unknown}


   Skills:
 + Level 3.9 Fighting
 + Level 4.5 Axes
 + Level 3.8 Armour
 + Level 0.2 Dodging
 + Level 3.8 Shields


You had 3 spell levels left.
You didn't know any spells.
Your spell library was empty.

Dungeon Overview and Level Annotations

Branches:
Dungeon (4/15)
 Temple: D:4-7

Altars:

Annotations:
D:4 Grinder


Message History

You are too injured to fight recklessly!
You are too injured to fight recklessly!
You are too injured to fight recklessly!
You are too injured to fight recklessly!
You are too injured to fight recklessly!
You are too injured to fight recklessly!
You are too injured to fight recklessly!
You are too injured to fight recklessly!
You are too injured to fight recklessly!
You are too injured to fight recklessly!
You are too injured to fight recklessly!
You are too injured to fight recklessly!
You are too injured to fight recklessly!
You closely miss Grinder.
Grinder is heavily wounded.
Grinder blinks!
You block Grinder's attack.
You hit Grinder.
Grinder is severely wounded.
Grinder gestures at you.
You suddenly lose the ability to move!
Grinder hits you.
* * * LOW HITPOINT WARNING * * *
Grinder completely misses you.
Grinder blinks!
You can move again.
Grinder blinks!
You slash Grinder!
Grinder is almost dead.
Grinder hits you but does no damage. Grinder gestures at you.
You suddenly lose the ability to move!
Grinder hits you!
* * * LOW HITPOINT WARNING * * *
Grinder gestures at you. You resist with significant effort.
Grinder gestures at you.
You shrug off the repeated paralysis!
Grinder barely misses you. Grinder hits you!
You die...

#..# #..##.#
#...#.# ..
#.#.#.#...
#####.#...#...
#.............
#.........#
#.....@5..#.#
#.......$.).#
#######.##..#
#.......(.##
#........?#
#.........#
#.........#
#..<.........
#.........###


You could see Grinder.

Vanquished Creatures
  2 adders
  7 bats
  5 endoplasms
  2 giant cockroaches
  7 goblins
  6 hobgoblins
  2 jackals (D:1)
  8 kobolds
  2 quokkas
  6 ball pythons
  4 frilled lizards
  5 rats
56 creatures vanquished.

Notes
Turn   | Place    | Note
-------+----------+-------------------------------------------
     0 | D:1      | zeram the Hill Orc Fighter began the quest for the Orb.
     0 | D:1      | Reached XP level 1. HP: 19/19 MP: 1/1
   229 | D:1      | Reached skill level 3 in Axes
   293 | D:1      | Reached XP level 2. HP: 27/27 MP: 2/2
   386 | D:1      | Found a faded altar of an unknown god.
   627 | D:1      | Reached XP level 3. HP: 30/33 MP: 3/3
   957 | D:2      | Reached skill level 4 in Axes
  1745 | D:3      | Reached XP level 4. HP: 40/40 MP: 4/4
  2276 | D:4      | Noticed Grinder
  2288 | D:4      | Paralysed by Grinder for 3 turns
  2296 | D:4      | Paralysed by Grinder for 7 turns
  2301 | D:4      | Slain by Grinder

Illustrated notes

Levels and vault maps discovered:
D:1:      dpeg_arrival_shrine, layout_rooms, chequers_ecumenical_altar_island
D:2:      layout_basic
D:3:      layout_loops_cross
D:4:      layout_rooms, nicolae_wu_jian_immortal_techniques,
          overflow_temple_1_default, uniq_grinder

Skill      XL: |  1  2  3 |
---------------+----------+-----
Axes           | 3 4 |  4.5
Fighting       | |  3.9
Armour         | |  3.8
Dodging        | |  0.2
Shields        | |  3.8

Action                   |  1- 3 |  4- 6 || total
-------------------------+-------+-------++-------
Melee: War axe           |   113 |    42 ||   155
  Use: Scroll            |       |     5 ||     5
Armor: Scale mail        |    56 |    18 ||    74
Dodge: Dodged            |    42 |    22 ||    64
Block: Kite shield       |    56 |    25 ||    81
